 Dungeon Crawl Stone Soup version 0.18.1-8-gdd0e5ea (webtiles) character file.

14999 Xecutor the Blocker (level 12, -1/75 HPs)
             Began as a Gargoyle Fighter on June 3, 2016.
             Was the Champion of Okawaru.
             Slain by a seven-headed hydra (11 damage)
             ... on level 2 of the Lair of Beasts on June 6, 2016.
             The game lasted 00:57:57 (10992 turns).

Xecutor the Blocker (Gargoyle Fighter)             Turns: 10992, Time: 00:57:57

Health: -1/75      AC: 26    Str: 30    XL:     12   Next: 22%
Magic:  12/12      EV: 15    Int:  8    God:    Okawaru [******]
Gold:   368        SH: 14    Dex: 14    Spells: 0 memorised, 11 levels left

rFire  . . .     SeeInvis .     y - +2 whip (venom)
rCold  . . .     Gourm    .     G - +0 ring mail of the Vaults {Slay+3}
rNeg   + . .     Faith    +     c - +0 shield
rPois  ∞         Spirit   .     s - +0 helmet
rElec  +         Dismiss  .     C - +0 cloak
rCorr  .         Reflect  .     S - +2 pair of gloves
SustAt .         Harm     .     (no boots)
MR     .....                    r - amulet of faith
Stlth  +.........               n - +4 ring of dexterity
                                Y - +5 ring of protection

@: mighty, not resistant to hostile enchantments, very unstealthy
A: negative energy resistance 1, electricity resistance, unbreathing,
petrification resistance, rot immunity, AC +8
a: Heroism, Finesse, Renounce Religion


You were on level 2 of the Lair of Beasts.
You worshipped Okawaru.
Okawaru was exalted by your worship.
You were hungry.

You visited 3 branches of the dungeon, and saw 13 of its levels.

You collected 611 gold pieces.
You spent 243 gold pieces at shops.

Inventory:

Hand Weapons
 y - a +2 whip of venom (weapon)
 F - a +1 war axe of electrocution
 K - a +2 flail of holy wrath
 Z - a +1 great mace of holy wrath
Missiles
 A - 3 poisoned tomahawks (quivered)
Armour
 c - a +0 shield (worn)
 s - a +0 helmet (worn)
 C - a +0 cloak (worn)
 G - the +0 ring mail of the Vaults (worn) {Slay+3}
   (You bought it in a shop on level 4 of the Dungeon)

   It affects your accuracy and damage with ranged weapons and melee attacks
   (+3).
 S - a +2 pair of gloves (worn)
Jewellery
 n - a +4 ring of dexterity (right hand)
 r - an amulet of faith (around neck)
 B - an uncursed ring of stealth
 Y - a +5 ring of protection (left hand)
Wands
 e - a wand of hasting (6/9)
 D - a wand of polymorph (6/24)
 E - a wand of flame (22/48)
 J - a wand of disintegration (16/24)
 L - a wand of iceblast (8/15)
 N - a wand of lightning (6/15)
 R - a wand of teleportation (5/9)
 U - a wand of flame (26/48)
 W - a wand of iceblast (8/15)
Scrolls
 a - a scroll of enchant weapon
 j - 5 scrolls of enchant armour
 k - 9 scrolls of identify
 l - a scroll of brand weapon {unknown}
 m - 4 scrolls of random uselessness
 o - 5 scrolls of remove curse
 q - a scroll of teleportation
 H - 4 scrolls of immolation {unknown}
 I - 2 scrolls of magic mapping {unknown}
 O - a scroll of blinking {unknown}
 Q - 3 scrolls of fear {unknown}
 X - 6 scrolls of fog {unknown}
Potions
 d - 5 potions of might
 g - a potion of heal wounds {unknown}
 i - 4 potions of haste {unknown}
 p - 4 potions of brilliance {unknown}
 t - 3 potions of flight {unknown}
 u - 2 potions of magic {unknown}
 x - 7 potions of degeneration {unknown}
 z - a potion of cancellation {unknown}
 M - 4 potions of lignification {unknown}
 P - 3 potions of curing
Comestibles
 b - a beef jerky
 f - 3 bread rations
 h - 2 slices of pizza
 w - 8 meat rations
 T - 27 fruits


   Skills:
 + Level 8.6 Fighting
 + Level 8.8 Maces & Flails
 + Level 7.8 Armour
 + Level 8.9 Dodging
 + Level 11.7 Shields


You had 11 spell levels left.
You didn't know any spells.

Dungeon Overview and Level Annotations

Branches:
Dungeon (9/15)             Temple (1/1) D:7            Lair (3/8) D:9
  Swamp: Lair:3-6    Shoals: Lair:3-6     Snake: Lair:3-6    Spider: Lair:3-6
    Orc: D:9-12

Altars:
Ashenzari
Cheibriados
Dithmenos
Elyvilon
Fedhas
Gozag
Makhleb
Nemelex Xobeh
Okawaru
Pakellas
Qazlal
Ru
Sif Muna
Trog
Vehumet
Xom
Yredelemnul
Zin
The Shining One

Shops:
D:4 [

Annotations:
Lair:3 Urug


Innate Abilities, Weirdness & Mutations

You are resistant to torment.
Your stone body is resilient (AC +8).
You are immune to poison.
You resist negative energy.
You are resistant to electric shocks.
You can survive without breathing.
You are immune to petrification.
You are immune to rotting.


Message History

* * * LOW HITPOINT WARNING * * *
Drink which item? (? for menu, Esc to quit)
You feel very mighty all of a sudden.
The seven-headed hydra bites you but does no damage. x3
You block the seven-headed hydra's attack. x2
The seven-headed hydra bites you but does no damage.
The seven-headed hydra completely misses you.
You whack the seven-headed hydra!
The seven-headed hydra is heavily wounded.
You whack the seven-headed hydra!
The seven-headed hydra is poisoned.
The seven-headed hydra is severely wounded.
The seven-headed hydra bites you but does no damage. x2
The seven-headed hydra barely misses you.
The seven-headed hydra closely misses you.
The seven-headed hydra bites you but does no damage.
The seven-headed hydra barely misses you. x2
You whack the seven-headed hydra!
The seven-headed hydra is almost dead.
The seven-headed hydra bites you!
You die...

.........##.#.#...........# #####
..#......######P..........# #.
..+..P...P# #...........# #.
....÷#...## ##....##....## ##.
.........#######...##.#....# #.#
.P##..................##...# ###
.P.....................#..### #
.........................†#P#####
}..............D@................
......................#.#........
......................#...#÷.....
........................<.)......
..........................#......
......................#...÷.....P
.......................#...####..
.......................#...###..#
.............................#..#


You could see a seven-headed hydra.

Vanquished Creatures
  Harold (Lair:3)
  Nergalle (Lair:3)
  A siren (Lair:3)
  3 elephants (Lair:3)
  Joseph (D:7)
  A komodo dragon (Lair:1)
  5 spiny frogs
  A rime drake (Lair:3)
  Grinder (D:3)
  A polar bear (D:8)
  4 blink frogs (Lair:2)
  Sigmund (D:5)
  A wyvern (Lair:3)
  7 yaks
  A basilisk (Lair:1)
  9 hippogriffs
  Menkaure (D:3)
  Edmund (D:6)
  Duvessa (D:4)
  4 water moccasins
  9 porcupines
  An orc warrior (D:9)
  4 ice beasts
  A phantom (D:9)
  A black bear (Lair:1)
  An eye of draining (D:9)
  5 sky beasts
  4 centaurs
  4 ogres
  2 crocodiles (Lair:1)
  4 big kobolds
  Blork the orc (D:6)
  7 giant frogs
  A water moccasin zombie (D:6)
  Dowan (D:4)
  3 scorpions
  A howler monkey (D:4)
  4 crimson imps
  A giant frog zombie (D:9)
  2 jellies
  7 hounds
  Crazy Yiuf (D:4)
  A wasp zombie (D:6)
  5 centaur skeletons
  7 orc wizards
  Ijyb (D:3)
  Terence (D:3)
  7 iguanas
  A worker ant (D:7)
  A centaur simulacrum (D:8)
  2 hound zombies
  A hound skeleton (D:5)
  3 howler monkey skeletons
  9 adders
  18 river rats
  2 shadow imps
  A white imp (D:8)
  An ufetubus (D:8)
  2 oozes
  An adder zombie (D:5)
  6 worms
  4 dart slugs
  4 giant geckos
  26 orcs
  A ball python (D:4)
  15 bats
  7 giant cockroaches
  22 goblins
  6 hobgoblins
  17 jackals
  A quokka (D:5)
  8 giant newts
  2 gnoll zombies (D:4)
  16 kobolds
  A quokka skeleton (D:7)
  21 rats
  A fungus (D:4)
333 creatures vanquished.

Vanquished Creatures (others)
  A fungus (D:9)
1 creature vanquished.

Grand Total: 334 creatures vanquished

Notes
Turn   | Place    | Note
--------------------------------------------------------------
     0 | D:1      | Xecutor the Gargoyle Fighter began the quest for the Orb.
     0 | D:1      | Reached XP level 1. HP: 14/14 MP: 1/1
    75 | D:1      | Reached XP level 2. HP: 16/19 MP: 2/2
   326 | D:1      | Reached XP level 3. HP: 24/24 MP: 3/3
   718 | D:2      | Reached skill level 4 in Shields
   816 | D:2      | Reached skill level 1 in Dodging
   999 | D:2      | Reached XP level 4. HP: 29/29 MP: 4/4
  1458 | D:3      | Found a blossoming altar of Fedhas.
  1501 | D:3      | Reached XP level 5. HP: 28/33 MP: 5/5
  1593 | D:3      | Noticed Terence
  1609 | D:3      | Killed Terence
  1618 | D:3      | Found a faded altar to an unknown god.
  1689 | D:3      | Found a shattered altar of Ashenzari.
  1732 | D:3      | Found a glowing drain.
  1915 | D:3      | Reached XP level 6. HP: 32/38 MP: 6/6
  2083 | D:3      | Noticed Ijyb
  2095 | D:3      | Killed Ijyb
  2095 | D:3      | Reached skill level 5 in Shields
  2242 | D:3      | Found a sacrificial altar of Ru.
  2269 | D:4      | Noticed Grinder
  2283 | D:3      | Paralysed by Grinder for 5 turns
  2288 | D:3      | Killed Grinder
  2288 | D:3      | Reached XP level 7. HP: 30/43 MP: 7/7
  2310 | D:3      | HP: 2/43 [ogre/giant club (2)]
  2613 | D:4      | Reached skill level 6 in Shields
  2630 | D:4      | Noticed Menkaure
  2852 | D:3      | Killed Menkaure
  3066 | D:4      | Noticed Duvessa
  3066 | D:4      | Noticed Dowan
  3085 | D:4      | Killed Duvessa
  3085 | D:4      | Reached XP level 8. HP: 41/48 MP: 8/8
  3098 | D:4      | Killed Dowan
  3098 | D:4      | Reached skill level 5 in Armour
  3432 | D:4      | Found a basalt altar of Yredelemnul.
  3625 | D:4      | Found Heyrulol's Antique Armour Emporium.
  3638 | D:4      | Bought a faintly glowing ring mail for 243 gold pieces
  3648 | D:4      | Identified the cursed +0 ring mail of the Vaults {Slay+3} (You bought it in a shop on level 4 of the Dungeon)
  3805 | D:4      | Noticed Crazy Yiuf
  3813 | D:4      | Killed Crazy Yiuf
  3813 | D:4      | Reached skill level 5 in Fighting
  3864 | D:5      | Entered Level 5 of the Dungeon
  3877 | D:5      | Reached skill level 7 in Shields
  4007 | D:5      | Found a burning altar of Makhleb.
  4402 | D:5      | Noticed Sigmund
  4436 | D:5      | Killed Sigmund
  4436 | D:5      | Reached XP level 9. HP: 16/54 MP: 9/9
  4675 | D:5      | Reached skill level 5 in Maces & Flails
  4841 | D:6      | Noticed Blork the orc
  4966 | D:6      | Noticed Edmund
  4981 | D:6      | Killed Edmund
  5155 | D:6      | Killed Blork the orc
  5155 | D:6      | Reached skill level 8 in Shields
  5171 | D:6      | Reached skill level 5 in Dodging
  5358 | D:6      | Found an iron altar of Okawaru.
  5361 | D:6      | Became a worshipper of Warmaster Okawaru
  5791 | D:7      | Found a shattered altar of Ashenzari.
  5792 | D:7      | Noticed Joseph
  5811 | D:7      | Killed Joseph
  5811 | D:7      | Reached * piety under Okawaru
  5995 | D:7      | Found a staircase to the Ecumenical Temple.
  6005 | Temple   | Entered the Ecumenical Temple
  6362 | D:7      | Found an oddly glowing altar of Pakellas.
  6435 | D:7      | Found a sparkling altar of Nemelex Xobeh.
  6474 | D:7      | Found a stormy altar of Qazlal.
  6556 | D:7      | Found a glowing silver altar of Zin.
  6571 | D:7      | Reached XP level 10. HP: 53/61 MP: 10/10
  6721 | D:7      | Reached ** piety under Okawaru
  7119 | D:8      | Found a radiant altar of Vehumet.
  7202 | D:8      | Reached skill level 9 in Shields
  7429 | D:8      | Reached *** piety under Okawaru
  8088 | D:9      | Reached **** piety under Okawaru
  8122 | D:9      | Found a staircase to the Lair.
  8320 | Lair:1   | Entered Level 1 of the Lair of Beasts
  8619 | Lair:1   | Reached ***** piety under Okawaru
  8619 | Lair:1   | Reached XP level 11. HP: 41/68 MP: 11/11
  8759 | Lair:1   | Reached skill level 10 in Shields
  9461 | Lair:2   | Received a gift from Okawaru
 10156 | Lair:3   | Reached skill level 11 in Shields
 10191 | Lair:3   | Noticed Harold
 10217 | Lair:3   | Killed Harold
 10345 | Lair:3   | Noticed Nergalle
 10375 | Lair:3   | Killed Nergalle
 10375 | Lair:3   | Reached ****** piety under Okawaru
 10375 | Lair:3   | Received a gift from Okawaru
 10375 | Lair:3   | Reached XP level 12. HP: 46/75 MP: 12/12
 10956 | Lair:3   | Noticed Urug
 10957 | Lair:3   | Noticed a seven-headed hydra
 10992 | Lair:2   | Slain by a seven-headed hydra

Skill      XL: |  1  2  3  4  5  6  7  8  9 10 11 |
---------------+----------------------------------+-----
Shields        | 4 5 6 7 8 9 11 | 11.7
Dodging        | 1 2 3 4 5 7 8 |  8.9
Fighting       | 4 5 6 7 8 |  8.6
Maces & Flails | 3 4 6 7 8 |  8.8
Armour         | 4 5 6 7 |  7.8

Action                   |  1- 3 |  4- 6 |  7- 9 | 10-12 || total
-------------------------+-------+-------+-------+-------++-------
Melee: Flail             |   132 |   113 |       |       ||   245
       Whip              |       |    98 |   480 |   797 ||  1375
       Unarmed           |       |       |     3 |       ||     3
Evoke: Wand              |       |       |       |     1 ||     1
  Use: Potion            |       |       |     2 |     1 ||     3
       Scroll            |       |       |     8 |     4 ||    12
 Stab: Sleeping          |       |       |     2 |     2 ||     4
  Eat: Chunk             |     1 |     3 |    15 |    15 ||    34
Armor: Scale mail        |    64 |   101 |    64 |       ||   229
       Ring mail         |       |       |   112 |   322 ||   434
       Skin              |       |       |     1 |       ||     1
Dodge: Dodged            |    48 |    74 |   152 |   325 ||   599
Block: Shield            |    95 |   119 |   221 |   497 ||   932
